 Dungeon Crawl Stone Soup version 0.23-a0-310-gdcc7a32 (webtiles) character file.

23 galech the Skirmisher (level 2, 0/24 HPs)
             Began as a Demonspawn Fighter on Oct 12, 2018.
             Succumbed to an adder's poison
             ... on level 1 of the Dungeon.
             The game lasted 00:01:09 (1259 turns).

galech the Skirmisher (Demonspawn Fighter)          Turns: 1259, Time: 00:01:09

Health: 0/24       AC:  6    Str: 16    XL:     2   Next: 72%
Magic:  2/2        EV:  6    Int:  9    God:
Gold:   43         SH:  8    Dex: 12    Spells: 1/1 levels left

rFire    . . .     SeeInvis .   a - +0 war axe
rCold    . . .     Gourm    .   c - +0 shield
rNeg     . . .     Faith    .   b - +0 scale mail
rPois    .         Spirit   .   (helmet restricted)
rElec    .         Reflect  .   (no cloak)
rCorr    .         Harm     .   (no gloves)
MR       .....                  (no boots)
Stlth    ..........             (no amulet)
HPRegen  0.08/turn              e - ring of attention (curse)
MPRegen  0.08/turn              (no ring)

@: lethally poisoned (0 -> -1)
A: antennae 1
a: no special abilities


You were on level 1 of the Dungeon.
You were very hungry.

You visited 1 branch of the dungeon, and saw 2 of its levels.

You collected 43 gold pieces.

Inventory:

Hand Weapons
 a - a +0 war axe (weapon)
Armour
 b - a +0 scale mail (worn)
 c - a +0 shield (worn)
Jewellery
 e - a cursed ring of attention (left hand)
Scrolls
 g - a scroll of remove curse {unknown}
 h - 3 scrolls of identify {unknown}
 i - a scroll of teleportation {unknown}
Potions
 d - a potion of might
Comestibles
 f - 4 rations


   Skills:
 + Level 3.2 Fighting
 + Level 2.0 Axes
 + Level 3.0 Armour
 + Level 3.0 Shields


You had one spell level left.
You didn't know any spells.
Your spell library was empty.

Dungeon Overview and Level Annotations

Branches:
Dungeon (2/15)

Altars:


Innate Abilities, Weirdness & Mutations

You have a pair of small antennae on your head.


Message History

The adder bites you. The adder bites you but does no damage.
You are too injured to fight recklessly!
You are too injured to fight recklessly!
You are too injured to fight recklessly!
You are too injured to fight recklessly!
You are too injured to fight recklessly!
You are too injured to fight recklessly!
You are too injured to fight recklessly!
You are too injured to fight recklessly!
You are too injured to fight recklessly!
You are too injured to fight recklessly!
You are too injured to fight recklessly!
You feel sick. The adder bites you.
* * * LOW HITPOINT WARNING * * *
The adder bites you but does no damage.
There is a stone staircase leading up here.
The adder bites you.
* * * LOW HITPOINT WARNING * * *
You climb upwards.
You die...

##.#.#...#######.#####
##.#.#.#.............#
################.###.#
################..##.#
..#.##...##.#.##...#.###########
...##.##.###..##...............#
....#.#..#..####...#######.###.#
.##..##.####..##..## #.# #.#
..#..#.#...##.##@## #.# #.#
#.#.#..###.#.###S# #.# #.#
.#..#.#.###.###### #.# #.#
.).##.##..###.# ##########.# #.#
...#.##.#...#.# #.......[..# #.#
#...#.######.## #.##########
#.## ..#..#...#.### #.# #..)
....#.###..#.## #.###### ####
.##...#.#.##..# #......#


You could see an adder.

Vanquished Creatures
  2 leopard geckos (D:1)
  A giant cockroach (D:1)
  4 goblins (D:1)
  A hobgoblin (D:1)
  5 kobolds (D:1)
  A ball python (D:1)
  2 frilled lizards (D:1)
  3 rats (D:1)
19 creatures vanquished.

Notes
Turn   | Place    | Note
-------+----------+-------------------------------------------
     0 | D:1      | galech the Demonspawn Fighter began the quest for the Orb.
     0 | D:1      | Reached XP level 1. HP: 18/18 MP: 1/1
   229 | D:1      | Gained mutation: You have a pair of small antennae on your
                  | head. [demonic ancestry]
   229 | D:1      | Reached XP level 2. HP: 21/24 MP: 2/2
   354 | D:1      | Noticed an ogre
   354 | D:1      | Noticed an ogre
   357 | D:1      | Noticed an ogre
   358 | D:1      | Noticed an ogre
  1258 | D:2      | HP: 1/24 [adder (4)]
  1259 | D:1      | Succumbed to an adder's poison

Vault maps used:
D:1:      erik_arrival_cave_to_civilisation
D:2:      uniq_crazy_yiuf_cottage, uniq_sigmund

Skill      XL: |  1  2 |
---------------+-------+-----
Axes           | 2 |  2.0
Armour         | 3 |  3.0
Shields        | 3 |  3.0
Fighting       | |  3.2

Action                   || total
-------------------------++-------
Melee: War axe           ||    76
Armor: Scale mail        ||    56
Dodge: Dodged            ||    18
Block: Shield            ||    38

Table legend:
 A = Non-vault XP
 B = Vault XP
 C = Vault XP percentage of total XP
 D = Non-vault monster count
 E = Vault monster count
 F = Vault count percentage of total count
                 A         B        C        D         E       F
            +---------+---------+-------+---------+---------+-------
      Total |      29 |       4 |  12.1 |      17 |       2 |  10.5
            +---------+---------+-------+---------+---------+-------
        D:1 |      29 |       4 |  12.1 |      17 |       2 |  10.5
            +---------+---------+-------+---------+---------+-------
